 Dungeon Crawl Stone Soup version 0.21-a0-509-gecc5317 (webtiles) character file.

17 Dawnplanks the Conjurer (level 2, -1/20 HPs)
             Began as a Draconian Conjurer on Nov 29, 2017.
             Slain by a hound (2 damage)
             ... on level 2 of the Dungeon.
             The game lasted 00:03:15 (771 turns).

Dawnplanks the Conjurer (Draconian Conjurer)         Turns: 771, Time: 00:03:15

Health: -1/20      AC:  4    Str: 10    XL:     2   Next: 44%
Magic:  0/5        EV: 12    Int: 15    God:
Gold:   50         SH:  0    Dex: 11    Spells: 4/5 levels left

rFire    . . .     SeeInvis .   d - +0 dagger
rCold    . . .     Gourm    .   (no shield)
rNeg     . . .     Faith    .   (armour unavailable)
rPois    .         Spirit   .   (helmet restricted)
rElec    .         Reflect  .   (no cloak)
rCorr    .         Harm     .   (no gloves)
MR       .....                  (no boots)
Stlth    ++........             (no amulet)
HPRegen  0.06/turn              (no ring)
MPRegen  0.09/turn              (no ring)

@: no status effects
A: unfitting armour, cold-blooded, AC +4
a: no special abilities


You were on level 2 of the Dungeon.
You were not hungry.

You visited 1 branch of the dungeon, and saw 2 of its levels.

You collected 50 gold pieces.

Inventory:

Hand Weapons
 d - a +0 dagger (weapon)
Missiles
 c - 4 stones (quivered)
Scrolls
 e - a scroll of random uselessness {unknown}
 f - a scroll of immolation {unknown}
 h - a scroll of teleportation {unknown}
 i - a scroll of identify {unknown}
Potions
 g - a potion of mutation {unknown}
Books
 a - a book of Conjurations

   Spells                             Type                      Level
   a - Magic Dart                     Conjuration                  1
   b - Searing Ray                    Conjuration                  2
   c - Dazzling Spray                 Conjuration/Hexes            3
   d - Fulminant Prism                Conjuration/Hexes            4
   e - Force Lance                    Conjuration/Translocation    4
   f - Iskenderun's Mystic Blast      Conjuration                  4
Comestibles
 b - a bread ration


   Skills:
 + Level 1.8 Dodging
 - Level 1.7 Stealth
 + Level 2.1 Spellcasting
 + Level 4.5 Conjurations


You had 4 spell levels left.
You knew the following spells:

 Your Spells              Type           Power        Failure   Level  Hunger
a - Magic Dart            Conj           ###.         3%          1    #......


Dungeon Overview and Level Annotations

Branches:
Dungeon (2/15)

Altars:


Innate Abilities, Weirdness & Mutations

Your plain brown scales are hard. (AC +4)
You cannot fit into any form of body armour.
You are cold-blooded and may be slowed by cold attacks.


Message History

There is a stone staircase leading up here.
The hound closely misses you. The hound closely misses you.
The hound bites you but does no damage.
You barely miss the hound.
The hound is severely wounded.
The hound bites you.
* * * LOW HITPOINT WARNING * * *
Casting: Magic Dart
Confirm with . or Enter, or press ? or * to list all spells.
Aiming: Magic Dart
Press: ? - help, Shift-Dir - straight line, f/p - hound
Aim: a hound (severely wounded)
The magic dart hits the hound.
The hound is severely wounded.
The hound misses you. The hound barely misses you.
You barely miss the hound.
The hound is severely wounded.
The hound bites you.
You die...

.........###.#
###..........#
.............#
###.#.#..###.#
#.#.#<.# #...
# #.#..# #####
#.#.## #h# #@#
#.....#
.....#..# .###
...# ..#..
######


You could see a hound.

Vanquished Creatures
  2 leopard geckos (D:1)
  A bat (D:2)
  2 hobgoblins (D:1)
  A jackal (D:2)
  2 frilled lizards (D:1)
  3 kobolds (D:1)
  6 rats (D:1)
17 creatures vanquished.

Notes
Turn   | Place    | Note
-------+----------+-------------------------------------------
     0 | D:1      | Dawnplanks the Draconian Conjurer began the quest for the Orb.
     0 | D:1      | Reached XP level 1. HP: 14/14 MP: 3/3
   228 | D:1      | Reached XP level 2. HP: 20/20 MP: 0/5
   769 | D:2      | HP: 1/20 [hound (5)]
   771 | D:2      | Slain by a hound

Vault maps used:
D:1:      elethiomel_arrival_fortress_basement

Action                   || total
-------------------------++-------
Melee: Dagger            ||    17
       Unarmed           ||     3
       Tailslap          ||     2
 Cast: Magic Dart        ||    28
Armor: Skin              ||     7
Dodge: Dodged            ||    19

Table legend:
 A = Spawn XP
 B = Non-spawn XP
 C = Spawn XP percentage of total XP
 D = Spawn monster count
 E = Non-spawn monster count
 F = Spawn count percentage of total count
 G = Total turns spent on level
                    A         B        C        D         E        F      G
               +---------+---------+-------+---------+---------+-------+---------
         Total |       0 |      25 |   0.0 |       0 |      17 |   0.0 |   771
               +---------+---------+-------+---------+---------+-------+---------
           D:1 |       0 |      21 |   0.0 |       0 |      15 |   0.0 |   734
           D:2 |       0 |       4 |   0.0 |       0 |       2 |   0.0 |    37
               +---------+---------+-------+---------+---------+-------+---------
